 Dungeon Crawl Stone Soup version 0.22.1-2-g9c5b331 (webtiles) character file.

17 MalarOregon the Stinger (level 2, 0/20 HPs)
             Began as a Merfolk Venom Mage on Nov 18, 2018.
             Slain by a leopard gecko (4 damage)
             ... on level 1 of the Dungeon.
             The game lasted 00:03:51 (875 turns).

MalarOregon the Stinger (Merfolk Venom Mage)         Turns: 875, Time: 00:03:52

Health: 0/20       AC:  2    Str:  8    XL:     2   Next: 62%
Magic:  1/5        EV: 13    Int: 14    God:
Gold:   14         SH:  0    Dex: 14    Spells: 4/5 levels left

rFire    . . .     SeeInvis .   j - +0 dagger (freeze)
rCold    . . .     Gourm    .   (no shield)
rNeg     . . .     Faith    .   a - +0 robe
rPois    .         Spirit   .   (no helmet)
rElec    .         Reflect  .   (no cloak)
rCorr    .         Harm     .   (no gloves)
MR       .....                  (no boots)
Stlth    ++........             (no amulet)
HPRegen  0.06/turn              (no ring)
MPRegen  0.09/turn              (no ring)

@: no status effects
A: change form in water, swift swim, stealthy swim
a: no special abilities


You were on level 1 of the Dungeon.
You were not hungry.

You visited 1 branch of the dungeon, and saw 1 of its levels.

You collected 14 gold pieces.

Inventory:

Hand Weapons
 j - a +0 dagger of freezing (weapon)
   (You took it off a goblin on level 1 of the Dungeon)
Missiles
 c - 45 stones (quivered)
Armour
 a - a +0 robe (worn)
Scrolls
 f - a scroll of random uselessness {unknown}
 i - a scroll of identify {unknown}
Potions
 b - a potion of lignification {unknown}
 h - a potion of resistance {unknown}
Comestibles
 e - 2 rations {!d}


   Skills:
 + Level 0.8 Fighting
 + Level 0.7 Throwing
 + Level 3.0 Dodging
 - Level 2.1 Stealth
 + Level 2.2 Spellcasting
 - Level 0.7 Conjurations
 + Level 3.5 Poison Magic


You had 4 spell levels left.
You knew the following spells:

 Your Spells              Type           Power        Failure   Level  Hunger
a - Sting                 Conj/Pois      #...         10%         1    #......

Your spell library contained the following spells:

 Spells                   Type           Power        Failure   Level  Hunger
 Poisonous Vapours        Pois/Air       #.....       17%         2    ###....
 Mephitic Cloud           Conj/Pois/Air  #.......     36%         3    ###....
 Olgreb's Toxic Radiance  Pois           ##......     50%         4    #####..
 Venom Bolt               Conj/Pois      #.........   95%         5    ######.


Dungeon Overview and Level Annotations

Branches:
Dungeon (1/15)

Altars:


Message History

A kobold comes into view. It is wielding a club.
A hobgoblin comes into view.
You see here 9 gold pieces.
A leopard gecko comes into view.
The hobgoblin shouts!
You hear a shout! x2
A goblin comes into view. It is wielding a dagger.
Aim: a kobold, wielding a club The sting misses the kobold.
The kobold hits you with a club.
Aim: a kobold, wielding a club The sting hits the kobold.
The kobold appears unharmed.
The kobold closely misses you.
Aim: a leopard gecko The sting hits the leopard gecko.
The leopard gecko is poisoned.
The kobold hits you but does no damage.
Aim: a goblin, wielding a dagger The sting hits the kobold.
The kobold is poisoned.
The leopard gecko closely misses you. The kobold closely misses you.
You completely miss the kobold. The leopard gecko closely misses you.
The kobold hits you but does no damage.
You closely miss the kobold.
You kill the kobold!
The leopard gecko bites you.
You hit the hobgoblin. You freeze the hobgoblin.
The leopard gecko looks more healthy.
The leopard gecko bites you.
The leopard gecko hisses menacingly.
The leopard gecko barely misses you.
You miss the leopard gecko.
A bat comes into view.
The hobgoblin barely misses you. The goblin barely misses you.
The leopard gecko bites you.
The bat moves out of view.
You see here 9 gold pieces.
You closely miss the hobgoblin. The hobgoblin closely misses you.
Aim: a goblin, wielding a dagger The sting hits the hobgoblin.
The hobgoblin misses you.
Aim: a goblin, wielding a dagger The sting misses the goblin.
You closely miss the hobgoblin. The hobgoblin barely misses you.
The leopard gecko barely misses you.
You closely miss the hobgoblin. The leopard gecko closely misses you.
The hobgoblin hits you.
* * * LOW HITPOINT WARNING * * *
The leopard gecko bites you.
* * * LOW HITPOINT WARNING * * *
You hit the hobgoblin but do no damage. The hobgoblin hits you.
* * * LOW HITPOINT WARNING * * *
The leopard gecko misses you. The hobgoblin misses you.
The leopard gecko bites you.
* * * LOW HITPOINT WARNING * * *
The leopard gecko bites you.
You die...

.......# #.#.#.#.#.####.###..
#'###### ## #.#.#.## #.# #..
#.### ############## #.# ##.
....######....)...# #.# #.
....##............# #.# #.
....##.#.........)#########.#
#.
....##.#.#..................#
##
....##............###########
# ....####........@.# # ....#
#.......lg.# ....#
#..........# ....#
#......g...+
########..........###
.........#...........
.........#.##########
.........#$..# .............#


You could see a leopard gecko, a hobgoblin and a goblin.

Vanquished Creatures
  A dart slug (D:1)
  A leopard gecko (D:1)
  A bat (D:1)
  A goblin (D:1)
  A hobgoblin (D:1)
  2 ball pythons (D:1)
  2 frilled lizards (D:1)
  3 kobolds (D:1)
  4 rats (D:1)
16 creatures vanquished.

Notes
Turn   | Place    | Note
-------+----------+-------------------------------------------
     0 | D:1      | MalarOregon the Merfolk Venom Mage began the quest for the
                  | Orb.
     0 | D:1      | Reached XP level 1. HP: 13/13 MP: 3/3
   274 | D:1      | Reached XP level 2. HP: 19/20 MP: 5/5
   875 | D:1      | Slain by a leopard gecko

Skill      XL: |  1  2 |
---------------+-------+-----
Dodging        | 3 |  3.0
Fighting       | |  0.8
Throwing       | |  0.7
Stealth        | |  2.1
Spellcasting   | |  2.2
Conjurations   | |  0.7
Poison Magic   | |  3.5

Action                   || total
-------------------------++-------
Melee: Dagger            ||    27
 Cast: Sting             ||    28
 Stab: Sleeping          ||     2
Armor: Robe              ||     3
Dodge: Dodged            ||    28
